 Dungeon Crawl Stone Soup version 0.26.0-10-g1f06aea511 (webtiles) character file.

Game seed: 504011005133911461

8755 Borgoz the Fighter (level 11, 0/97 HPs)
             Began as a Ghoul Gladiator on Jan 18, 2021.
             Was a High Priest of Okawaru.
             Slain by a meliai
             ... wielding a +0 war axe of electrocution
              (7 damage)
             ... on level 12 of the Dungeon.
             The game lasted 00:17:34 (16093 turns).

Borgoz the Fighter (Ghoul Gladiator)               Turns: 16093, Time: 00:17:35

Health: 0/97       AC: 15    Str: 19    XL:     11   Next: 35%
Magic:  11/13      EV: 17    Int:  3    God:    Okawaru [*****.]
Gold:   1264       SH:  0    Dex: 13    Spells: 10/10 levels left

rFire    . . .     SeeInvis .   s - +0 scimitar (curse)
rCold    + . .     Faith    .   (no shield)
rNeg     + + +     Spirit   .   m - +0 scale mail
rPois    ∞         Reflect  .   n - +1 hat
rElec    .         Harm     .   c - +0 cloak
rCorr    .         Rampage  .   b - +0 pair of gloves
Will     +....                  l - +0 pair of boots
Stlth    +.........             (no amulet)
HPRegen  0.00/turn              d - ring of willpower
MPRegen  0.13/turn              (no ring)

@: heroism
A: claws 1, cold resistance 1, negative energy resistance 3, inhibited
regeneration, torment resistance, unbreathing
a: Renounce Religion, Heroism, Finesse


You were on level 12 of the Dungeon.
You worshipped Okawaru.
Okawaru was extremely pleased with you.
You visited 2 branches of the dungeon, and saw 13 of its levels.

You collected 1264 gold pieces.

Inventory:

Hand Weapons
 a - a +1 long sword
 r - a +0 great sword
 s - a cursed +0 scimitar (weapon)
Armour
 b - a +0 pair of gloves (worn)
 c - a +0 cloak (worn)
 l - a +0 pair of boots (worn)
 m - a +0 scale mail (worn)
 n - a +1 hat (worn)
Jewellery
 d - a ring of willpower (left hand)
Wands
 q - a wand of flame (3)
Scrolls
 e - 2 scrolls of identify
 g - 5 scrolls of remove curse
 h - a scroll of magic mapping
 i - 3 scrolls of enchant armour
 j - 3 scrolls of blinking
 k - a scroll of teleportation
 o - 2 scrolls of fog
 p - a scroll of fear
Potions
 f - 3 potions of flight
 t - a potion of brilliance


   Skills:
 + Level 9.4(14.4) Fighting
 + Level 8.2(13.2) Long Blades
 - Level 1.7(6.7) Throwing
 + Level 7.6(12.6) Armour
 + Level 8.2(13.2) Dodging
 - Level 5.0 Invocations


You had 10 spell levels left.
You didn't know any spells.
Your spell library contained the following spells:

 Spells                   Type           Power        Failure   Level
 Animate Skeleton         Necr           0%           80%         1
 Apportation              Tloc           0%           80%         1
 Corona                   Hex            0%           80%         1
 Foxfire                  Conj/Fire      0%           80%         1
 Freeze                   Ice            0%           80%         1
 Magic Dart               Conj           0%           80%         1
 Summon Small Mammal      Summ           0%           80%         1
 Blink                    Tloc           N/A          91%         2
 Call Imp                 Summ           0%           91%         2
 Slow                     Hex            0%           91%         2
 Confusing Touch          Hex            0%           99%         3
 Conjure Flame            Conj/Fire      0%           99%         3
 Frozen Ramparts          Ice            0%           99%         3
 Gell's Gravitas          Tloc           0%           99%         3
 Inner Flame              Hex/Fire       0%           99%         3
 Mephitic Cloud           Conj/Pois/Air  0%           99%         3
 Ozocubu's Armour         Ice            0%           99%         3
 Hailstorm                Conj/Ice       0%           100%        4
 Petrify                  Tmut/Erth      0%           100%        4
 Sticky Flame             Conj/Fire      0%           100%        4
 Summon Ice Beast         Ice/Summ       0%           100%        4
 Fireball                 Conj/Fire      0%           100%        5
 Metabolic Englaciation   Hex/Ice        0%           100%        5
 Yara's Violent Unravell  Hex/Tmut       0%           100%        5


Dungeon Overview and Level Annotations

Branches:
Dungeon (12/15)            Temple (1/1) D:4            Lair (0/6) D:10
    Orc (0/2) D:9

Altars:
Ashenzari
Cheibriados
Dithmenos
Elyvilon
Fedhas
Gozag
Hepliaklqana
Kikubaaqudgha
Makhleb
Nemelex Xobeh
Okawaru
Qazlal
Ru
Sif Muna
Trog
Uskayaw
Vehumet
Wu Jian
Xom
Yredelemnul
Zin
The Shining One


Innate Abilities, Weirdness & Mutations

You thrive by killing the living.
You are immune to poison.
You have sharp fingernails.
Your flesh is cold resistant. (rC+)
You are immune to negative energy. (rN+++)
You do not regenerate when monsters are visible.
You are immune to unholy pain and torment.
You can survive without breathing.


Message History

You slash the meliai!
The meliai is heavily wounded.
The meliai hits you but does no damage.
The meliai stings you but does no damage.
The meliai hits you but does no damage. The meliai barely misses you.
The meliai hits you but does no damage. The meliai closely misses you.
The meliai hits you with a +0 war axe!
* * * LOW HITPOINT WARNING * * *
The meliai barely misses you.
You miss the meliai.
The meliai is heavily wounded.
The meliai barely misses you. x2; The meliai completely misses you.
The meliai barely misses you. The meliai misses you.
You riposte.
You hit the meliai but do no damage.
The meliai is heavily wounded.
The meliai misses you.
You miss the meliai.
The meliai is heavily wounded.
The meliai hits you with a +0 war axe of electrocution!
You die...

#..# #.. ..## . #..
...# .. #..## #..##
..# #...#####...# ..#
#.......<...#...##
#.........yy.....#
#####.........@y......
.
............######....
............### #
...#####..### ....
##.# .....###..#
......<...#
###........#
#........#


You could see 3 meliai.

Vanquished Creatures
  An elephant (D:10)
  Psyche (D:8)
  A troll (D:11)
  Sigmund (D:3)
  4 water elementals (D:10)
  9 yaks
  A basilisk (D:10)
  A wyvern (D:10)
  2 ice beasts
  4 phantoms
  3 sky beasts
  7 orc warriors
  A black bear (D:10)
  4 ogres
  8 centaurs
  2 big kobolds
  2 bullfrogs
  A gnoll sergeant (D:9)
  A scorpion (D:6)
  6 killer bees (D:9)
  4 wights (D:11)
  2 howler monkeys (D:8)
  7 hounds
  2 jellies
  2 centaur skeletons
  7 orc wizards
  A gnoll shaman (D:7)
  7 orc priests
  Crazy Yiuf (D:6)
  3 bullfrog skeletons
  Jessica (D:3)
  Terence (D:2)
  3 iguanas
  11 worker ants
  2 hound zombies
  A worker ant zombie (D:10)
  21 adders
  20 gnolls
  2 shadow imps
  5 white imps
  3 ufetubi
  2 oozes
  3 worms
  3 dart slugs
  11 leopard geckos
  30 orcs
  A ball python (D:2)
  6 giant cockroaches
  4 goblins
  9 hobgoblins
  11 jackals
  17 kobolds
  3 quokkas
  7 bats
  4 frilled lizards
  A leopard gecko skeleton (D:6)
  A leopard gecko zombie (D:6)
  A quokka skeleton (D:7)
  5 rats
285 creatures vanquished.

Vanquished Creatures (others)
  2 plants (D:10)
2 creatures vanquished.

Grand Total: 287 creatures vanquished

Notes
Turn   | Place    | Note
-------+----------+-------------------------------------------
     0 | D:1      | Borgoz the Ghoul Gladiator began the quest for the Orb.
     0 | D:1      | Reached XP level 1. HP: 17/17 MP: 0/0
   573 | D:1      | Reached XP level 2. HP: 25/25 MP: 1/1
   996 | D:2      | Reached skill level 1 in Armour
   996 | D:2      | Reached XP level 3. HP: 18/30 MP: 2/2
  1347 | D:2      | Reached XP level 4. HP: 37/37 MP: 3/3
  1432 | D:2      | Reached skill level 3 in Fighting
  1653 | D:2      | Noticed Terence
  1668 | D:2      | Killed Terence
  1669 | D:2      | Reached XP level 5. HP: 39/45 MP: 4/4
  2079 | D:3      | Noticed Jessica
  2093 | D:3      | Killed Jessica
  2225 | D:3      | Noticed Sigmund
  2531 | D:4      | Found a staircase to the Ecumenical Temple.
  2542 | D:4      | Reached XP level 6. HP: 45/52 MP: 5/5
  2550 | Temple   | Entered the Ecumenical Temple
  2636 | Temple   | Became a worshipper of Warmaster Okawaru
  3466 | D:5      | Entered Level 5 of the Dungeon
  3490 | D:5      | Reached skill level 4 in Fighting
  3699 | D:5      | Reached skill level 1 in Invocations
  4045 | D:5      | Noticed a sky beast
  4067 | D:5      | Killed a sky beast
  4068 | D:5      | Reached XP level 7. HP: 23/59 MP: 5/7
  4330 | D:5      | Found a glowing silver altar of Zin.
  4967 | D:6      | Reached skill level 5 in Fighting
  4967 | D:6      | Reached XP level 8. HP: 50/68 MP: 9/9
  5120 | D:6      | Reached * piety under Okawaru
  5490 | D:6      | Reached skill level 5 in Long Blades
  5781 | D:6      | Found a runed translucent door.
  5782 | D:6      | Noticed Crazy Yiuf
  5825 | D:6      | Reached skill level 5 in Dodging
  6600 | D:6      | Reached ** piety under Okawaru
  6918 | D:6      | Killed Crazy Yiuf
  7117 | D:6      | Reached skill level 6 in Fighting
  7117 | D:6      | Reached XP level 9. HP: 50/75 MP: 11/11
  8284 | D:7      | Found an iron altar of Okawaru.
  8663 | D:3      | Killed Sigmund
  9011 | D:8      | Reached skill level 5 in Invocations
  9011 | D:8      | Noticed Psyche
  9016 | D:8      | Reached skill level 5 in Armour
  9038 | D:8      | Killed Psyche
  9038 | D:8      | Reached *** piety under Okawaru
  9116 | D:8      | Reached skill level 7 in Fighting
  9366 | D:8      | Found a sparkling altar of Nemelex Xobeh.
 10233 | D:9      | Reached XP level 10. HP: 61/86 MP: 12/12
 10421 | D:9      | Found a staircase to the Orcish Mines.
 10857 | D:9      | Reached **** piety under Okawaru
 10867 | D:9      | HP: 4/88 [yak (4)]
 10869 | D:9      | Reached skill level 8 in Fighting
 11994 | D:10     | Entered Level 10 of the Dungeon
 12171 | D:10     | Noticed an elephant
 12234 | D:10     | Killed an elephant
 12335 | D:10     | Reached ***** piety under Okawaru
 12359 | D:10     | HP: 4/90 [water elemental (16)]
 12892 | D:10     | Identified a scroll of acquirement
 12895 | D:10     | Acquired 502 gold pieces
 12955 | D:10     | Found a staircase to the Lair.
 13198 | D:10     | Reached XP level 11. HP: 49/95 MP: 13/13
 13418 | D:10     | Reached skill level 9 in Fighting
 13604 | D:10     | Noticed a boulder beetle
 13629 | D:10     | HP: 2/97 [boulder beetle (16)]
 15834 | D:11     | Found a hazy altar of Hepliaklqana.
 16093 | D:12     | Slain by a meliai

Illustrated notes

Levels and vault maps discovered:
D:1:      ncdulo_lavacross, layout_basic, hangedman_decor_points
D:2:      minmay_alternating_diamond, layout_basic, nrook_mini_backslash,
          uniq_terence
D:3:      layout_loops_ring, uniq_jessica, uniq_sigmund
D:4:      layout_rooms, minmay_temple_entry_junction
D:5:      layout_loops_ring, old_standard_altar
D:6:      hangedman_cross_stitches, layout_basic, serial_glass, glass_columns_c,
          glass_columns_a, glass_columns_a, glass_columns_a, glass_columns_a,
          glass_columns_a, due_unseen_surprise, feat_on_display,
          item_on_display_a, item_on_display_a, uniq_crazy_yiuf_cottage
D:7:      layout_basic, okawaru_trees_2
D:8:      layout_basic, nemelex_altar_shiori, minivault_11, uniq_psyche
D:9:      layout_roguey, david_orc_2
D:10:     layout_big_octagon, david_lair_generic, nicolae_underground_beach
D:11:     layout_roguey, minmay_strange_pillars, kennysheep_nondescript,
          skrybe_limestone_x, amcnicky_altar_gilded
D:12:     layout_layer_cave, portal_ice_cave_entry_imps, serial_shops, shop,
          lightli_church_of_beogh
Temple:   regret_index_temple_chain_breaker

Skill      XL: |  1  2  3  4  5  6  7  8  9 10 11 |
---------------+----------------------------------+-----
Long Blades    | 3 4 5 6 7 8 |  8.2
Dodging        | 3 4 5 6 7 8 |  8.2
Armour         | 1 2 3 4 5 7 |  7.6
Fighting       | 3 4 5 6 7 8 9 |  9.4
Invocations    | 1 2 4 5 |  5.0
Throwing       | |  1.7

Action                   |  1- 3 |  4- 6 |  7- 9 | 10-12 || total
-------------------------+-------+-------+-------+-------++-------
Melee: Long sword        |    79 |   224 |   554 |   392 ||  1249
       Punch             |       |       |     1 |     2 ||     3
       Scimitar          |       |       |       |    87 ||    87
Throw: Throwing net      |       |     2 |     6 |     2 ||    10
Invok: Heroism           |       |       |     3 |    11 ||    14
       Finesse           |       |       |       |     1 ||     1
Evoke: Wand              |       |       |    10 |     1 ||    11
  Use: Scroll            |     8 |     4 |     3 |     9 ||    24
       Potion            |       |    11 |     5 |     1 ||    17
 Stab: Held in net/web   |       |       |       |     1 ||     1
Armor: Leather armour    |     3 |       |       |       ||     3
       Scale mail        |    50 |   144 |   240 |   222 ||   656
Dodge: Dodged            |    81 |   174 |   405 |   470 ||  1130
       Rpst.: Long sword |    22 |    50 |    99 |   117 ||   288
       Scimitar          |       |       |       |    12 ||    12
